3A
ALAMEDA AIRMEN @ PROVO MANGO
07/14/2029
 
TOP OF THE 1ST
Alameda Airmen batting - Pitching for Provo Mango : RHP Hikaru Yamaguchi
Pitching: RHP Hikaru Yamaguchi
Batting: RHB Giuseppe Provolone 0-0: Ball
1-0: Swinging Strike
1-1: Foul Ball, location: 2F
1-2: Foul Ball, location: 2F
1-2: Foul Ball, location: 2F
1-2: Strikes out swinging
Batting: RHB Guus de Weerdt 0-0: Foul Ball, location: 2F
0-1: Foul Ball, location: 2F
0-2: Strikes out looking
Batting: SHB Charles Weber 0-0: Ball
1-0: Called Strike
1-1: Ball
2-1: Swinging Strike
2-2: Strikes out looking
Top of the 1st over - 0 runs, 0 hits, 0 errors, 0 left on base; Alameda 0 - Provo 0
BOTTOM OF THE 1ST
Provo Mango batting - Pitching for Alameda Airmen : RHP Abraham van der Meulen
Pitching: RHP Abraham van der Meulen
Batting: LHB Tom Haymon 0-0: Called Strike
0-1: Swinging Strike
0-2: DOUBLE (Line Drive, 9D)
Batting: SHB Tommy Dreamer 0-0: Foul Ball, location: 2F
0-1: Ball
1-1: Fly out, F7 (Flyball, 78S)
Batting: RHB Jeff Hunter 0-0: Ball
1-0: Ball
2-0: Called Strike
2-1: SINGLE (Groundball, 6) (infield hit)
Tom Haymon to third
Batting: RHB Xi-ku See-to 0-0: Ball
1-0: Called Strike
Throwing error on steal attempt, E2
Tom Haymon scores
Jeff Hunter to third
1-1: Foul Ball, location: 2F
1-2: Foul Ball, location: 2F
1-2: Strikes out looking
Batting: LHB Ling Li 0-0: Called Strike
0-1: Ball
1-1: Ball
2-1: Called Strike
2-2: Ball
3-2: Fly out, F5 (Popup, 56S)
Bottom of the 1st over - 1 run, 2 hits, 1 error, 1 left on base; Alameda 0 - Provo 1
TOP OF THE 2ND
Alameda Airmen batting - Pitching for Provo Mango : RHP Hikaru Yamaguchi
Batting: LHB Tim O'Neal 0-0: Called Strike
0-1: Foul Ball, location: 2F
0-2: Ball
1-2: Foul Ball, location: 2F
1-2: Strikes out swinging
Batting: RHB Mick Spargo 0-0: Fly out, F8 (Line Drive, 8RM)
Batting: LHB Ed Berry 0-0: Called Strike
0-1: Ball
1-1: Hit by Pitch
Batting: RHB Mike Capes 0-0: Ball
1-0: Called Strike
1-1: Foul Ball, location: 2F
1-2: Foul Ball, location: 2F
1-2: Ball
2-2: Strikes out swinging
Top of the 2nd over - 0 runs, 0 hits, 0 errors, 1 left on base; Alameda 0 - Provo 1
BOTTOM OF THE 2ND
Provo Mango batting - Pitching for Alameda Airmen : RHP Abraham van der Meulen
Batting: SHB Tomás Solorzano 0-0: Foul Ball, location: 2F
0-1: Foul Ball, location: 2F
0-2: Foul Ball, location: 2F
0-2: Foul Ball, location: 2F
0-2: Ball
1-2: Ball
2-2: Foul Ball, location: 2F
2-2: Foul Ball, location: 2F
2-2: Fly out, F7 (Flyball, 7D)
Batting: RHB Greg Bugarin 0-0: Called Strike
0-1: Foul Ball, location: 2F
0-2: Ball
1-2: Foul Ball, location: 2F
1-2: Ball
2-2: SINGLE (Groundball, 6MD)
Batting: RHB Sun-jae Kwak 0-0: Foul Ball, location: 2F
0-1: Called Strike
0-2: Ball
1-2: SINGLE (Line Drive, 9LS)
Greg Bugarin to second
Batting: LHB Jesús De Jesús 0-0: Called Strike
0-1: Ball
1-1: Called Strike
1-2: Strikes out swinging
Batting: LHB Tom Haymon 0-0: Ball
1-0: Called Strike
1-1: Foul Ball, location: 2F
1-2: Ground out 4-3 (Groundball, 4)
Bottom of the 2nd over - 0 runs, 2 hits, 0 errors, 2 left on base; Alameda 0 - Provo 1
TOP OF THE 3RD
Alameda Airmen batting - Pitching for Provo Mango : RHP Hikaru Yamaguchi
Batting: LHB Rodrigo Rodríguez 0-0: Called Strike
0-1: Ball
1-1: Ball
2-1: Ball
3-1: Swinging Strike
3-2: Foul Ball, location: 2F
3-2: Foul Ball, location: 2F
3-2: Fly out, F7 (Flyball, 78D)
Batting: RHB Gerwin Norman 0-0: Ball
1-0: Ball
2-0: Called Strike
2-1: Fly out, F7 (Flyball, 78S)
Batting: RHB Giuseppe Provolone 0-0: Ball
1-0: Foul Ball, location: 2F
1-1: Ball
2-1: Swinging Strike
2-2: Ball
3-2: Foul Ball, location: 2F
3-2: Strikes out swinging
Top of the 3rd over - 0 runs, 0 hits, 0 errors, 0 left on base; Alameda 0 - Provo 1
BOTTOM OF THE 3RD
Provo Mango batting - Pitching for Alameda Airmen : RHP Abraham van der Meulen
Batting: SHB Tommy Dreamer 0-0: Called Strike
0-1: Ball
1-1: Foul Ball, location: 2F
1-2: Foul Ball, location: 2F
1-2: SINGLE (Groundball, 34D)
Batting: RHB Jeff Hunter 0-0: Called Strike
0-1: Ball
1-1: Ball
2-1: Ball
3-1: Fly out, F2 (Popup, 2RF)
Batting: RHB Xi-ku See-to 0-0: Foul Ball, location: 2F
0-1: Ball
1-1: Ball
Tommy Dreamer steals 2nd base
2-1: Ball
3-1: Fly out, F8 (Line Drive, 8RM)
Batting: LHB Ling Li 0-0: Ball
1-0: SINGLE (Groundball, 34D)
Tommy Dreamer to third
Runner from 3rd tries for Home, SAFE, no throw
Batting: SHB Tomás Solorzano 0-0: Called Strike
0-1: Ball
1-1: Called Strike
1-2: Ball
2-2: Ball
3-2: Foul Ball, location: 2F
3-2: Strikes out swinging
Bottom of the 3rd over - 1 run, 2 hits, 0 errors, 1 left on base; Alameda 0 - Provo 2
TOP OF THE 4TH
Alameda Airmen batting - Pitching for Provo Mango : RHP Hikaru Yamaguchi
Batting: RHB Guus de Weerdt 0-0: Ball
1-0: Called Strike
1-1: Foul Ball, location: 2F
1-2: Ball
2-2: Strikes out swinging
Batting: SHB Charles Weber 0-0: Ball
1-0: Called Strike
1-1: Swinging Strike
1-2: SOLO HOME RUN (Flyball, 9LD), Distance : 348 ft
Batting: LHB Tim O'Neal 0-0: Called Strike
0-1: Ball
1-1: Called Strike
1-2: Ball
2-2: Ground out 1-3 (Groundball, P)
Batting: RHB Mick Spargo 0-0: Called Strike
0-1: Ball
1-1: Foul Ball, location: 2F
1-2: Strikes out swinging
Top of the 4th over - 1 run, 1 hit, 0 errors, 0 left on base; Alameda 1 - Provo 2
BOTTOM OF THE 4TH
Provo Mango batting - Pitching for Alameda Airmen : RHP Abraham van der Meulen
Batting: RHB Greg Bugarin 0-0: Foul Ball, location: 2F
0-1: Ball
1-1: Called Strike
1-2: Foul Ball, location: 2F
1-2: Ground out 6-3 (Groundball, 6)
Batting: RHB Sun-jae Kwak 0-0: Hit by Pitch
Batting: LHB Jesús De Jesús 0-0: Ball
1-0: Called Strike
1-1: Ball
2-1: Fly out, F9 (Flyball, 9D)
Batting: LHB Tom Haymon 0-0: Called Strike
0-1: Ball
1-1: Fly out, F9 (Line Drive, 9)
Bottom of the 4th over - 0 runs, 0 hits, 0 errors, 1 left on base; Alameda 1 - Provo 2
TOP OF THE 5TH
Alameda Airmen batting - Pitching for Provo Mango : RHP Hikaru Yamaguchi
Batting: LHB Ed Berry 0-0: Called Strike
0-1: SINGLE (Groundball, 6D)
Batting: RHB Mike Capes 0-0: Ball
1-0: Ground out 4-3 (Groundball, 4S)
Ed Berry to second
Batting: LHB Rodrigo Rodríguez 0-0: Ball
1-0: Swinging Strike
1-1: Called Strike
1-2: Ground out 6-3 (Groundball, 6)
Ed Berry to third
Batting: RHB Gerwin Norman 0-0: Ball
1-0: Ball
2-0: Ball
3-0: Called Strike
3-1: SINGLE (Popup, 6MD)
Ed Berry scores
Batting: RHB Giuseppe Provolone 0-0: Called Strike
0-1: Foul Ball, location: 2F
0-2: Foul Ball, location: 2F
0-2: Ball
1-2: Foul Ball, location: 2F
1-2: Strikes out swinging
Top of the 5th over - 1 run, 2 hits, 0 errors, 1 left on base; Alameda 2 - Provo 2
BOTTOM OF THE 5TH
Provo Mango batting - Pitching for Alameda Airmen : RHP Abraham van der Meulen
Batting: SHB Tommy Dreamer 0-0: Ball
1-0: Called Strike
1-1: Ball
2-1: Ball
3-1: Called Strike
3-2: Base on Balls
Pitching: RHP Patrick Buzard
Batting: RHB Jeff Hunter 0-0: Ball
1-0: Ball
2-0: Called Strike
2-1: Fly out, F4 (Line Drive, 4MD)
Batting: RHB Xi-ku See-to 0-0: Called Strike
0-1: Ball
1-1: Ball
2-1: Fly out, F8 (Flyball, 8LM)
Batting: LHB Ling Li 0-0: Ball
Tommy Dreamer steals 2nd base
1-0: Fly out, F7 (Flyball, 7)
Bottom of the 5th over - 0 runs, 0 hits, 0 errors, 1 left on base; Alameda 2 - Provo 2
TOP OF THE 6TH
Alameda Airmen batting - Pitching for Provo Mango : RHP Hikaru Yamaguchi
Batting: RHB Guus de Weerdt 0-0: Ball
1-0: Foul Ball, location: 2F
1-1: Called Strike
1-2: Strikes out swinging
Batting: SHB Charles Weber 0-0: Ball
1-0: Foul Ball, location: 2F
1-1: Ball
2-1: Swinging Strike
2-2: Ball
3-2: Hit by Pitch
Pitching: RHP Patrick Kilshaw
Batting: LHB Tim O'Neal 0-0: Called Strike
0-1: Called Strike
0-2: Fielders Choice at 2nd, 4-6 (Groundball, 4)
Batting: RHB Mick Spargo 0-0: Foul Ball, location: 2F
0-1: Called Strike
0-2: Ball
1-2: Ball
2-2: Ball
Tim O'Neal is caught stealing 2nd base
Top of the 6th over - 0 runs, 0 hits, 0 errors, 0 left on base; Alameda 2 - Provo 2
BOTTOM OF THE 6TH
Provo Mango batting - Pitching for Alameda Airmen : RHP Patrick Buzard
Batting: SHB Tomás Solorzano 0-0: Ball
1-0: SINGLE (Groundball, 6MD)
Batting: RHB Greg Bugarin 0-0: Ball
1-0: Ball
2-0: Called Strike
2-1: Ball
3-1: Base on Balls
Tomás Solorzano to second
Batting: RHB Sun-jae Kwak 0-0: Called Strike
0-1: Ball
1-1: Called Strike
1-2: Foul Ball, location: 2F
1-2: Foul Ball, location: 2F
1-2: Foul Ball, location: 2F
1-2: Ball
2-2: Foul Ball, location: 2F
2-2: Strikes out swinging
Batting: LHB Jesús De Jesús 0-0: Ball
1-0: SINGLE (Flyball, 7LS)
Tomás Solorzano to third
Greg Bugarin to second
Runner from 3rd tries for Home, SAFE, no throw
Batting: LHB Tom Haymon 0-0: Called Strike
0-1: Fly out, F9 (Flyball, 89D)
Batting: SHB Tommy Dreamer 0-0: Called Strike
0-1: Fly out, F3 (Flyball, 3D)
Bottom of the 6th over - 1 run, 2 hits, 0 errors, 2 left on base; Alameda 2 - Provo 3
TOP OF THE 7TH
Alameda Airmen batting - Pitching for Provo Mango : RHP Patrick Kilshaw
Batting: RHB Mick Spargo 0-0: Ball
1-0: Fly out, F7 (Flyball, 78S)
Batting: LHB Ed Berry 0-0: Ball
1-0: Ground out 1-4-3 (Groundball, 15S)
Batting: RHB Mike Capes 0-0: Ball
1-0: Called Strike
1-1: Ball
2-1: Fly out, F7 (Flyball, 7)
Top of the 7th over - 0 runs, 0 hits, 0 errors, 0 left on base; Alameda 2 - Provo 3
BOTTOM OF THE 7TH
Provo Mango batting - Pitching for Alameda Airmen : RHP Patrick Buzard
Batting: RHB Jeff Hunter 0-0: Called Strike
0-1: Called Strike
0-2: Ground out 5-3 (Groundball, 56)
Batting: RHB Xi-ku See-to 0-0: Swinging Strike
0-1: Foul Ball, location: 2F
0-2: Foul Ball, location: 2F
0-2: Strikes out looking
Batting: LHB Ling Li 0-0: Called Strike
0-1: Ball
1-1: Foul Ball, location: 2F
1-2: Foul Ball, location: 2F
1-2: Foul Ball, location: 2F
1-2: Ball
2-2: Foul Ball, location: 2F
2-2: Ball
3-2: Ground out 3-1 (Groundball, 34)
Bottom of the 7th over - 0 runs, 0 hits, 0 errors, 0 left on base; Alameda 2 - Provo 3
TOP OF THE 8TH
Alameda Airmen batting - Pitching for Provo Mango : RHP Patrick Kilshaw
Now at 2B: Mike Waddingham
Batting: LHB Rodrigo Rodríguez 0-0: Ball
1-0: Called Strike
1-1: Ball
2-1: Foul Ball, location: 2F
2-2: Strikes out looking
Batting: RHB Gerwin Norman 0-0: Ball
1-0: Called Strike
1-1: Ball
2-1: Foul Ball, location: 2F
2-2: Strikes out swinging
Batting: RHB Giuseppe Provolone 0-0: Called Strike
0-1: Foul Ball, location: 2F
0-2: Ball
1-2: Foul Ball, location: 2F
1-2: Ball
2-2: Foul Ball, location: 2F
2-2: Ground out 6-3 (Groundball, 6S)
Top of the 8th over - 0 runs, 0 hits, 0 errors, 0 left on base; Alameda 2 - Provo 3
BOTTOM OF THE 8TH
Provo Mango batting - Pitching for Alameda Airmen : RHP Patrick Buzard
Batting: SHB Tomás Solorzano 0-0: Swinging Strike
0-1: Called Strike
0-2: SOLO HOME RUN (Flyball, 9LD), Distance : 374 ft
Pitching: RHP Marvin Cahill
Batting: RHB Greg Bugarin 0-0: Ball
1-0: Ball
2-0: Foul Ball, location: 2F
2-1: Foul Ball, location: 2F
2-2: Ball
3-2: SINGLE (Groundball, 56D)
Batting: RHB Sun-jae Kwak 0-0: Called Strike
0-1: Foul Ball, location: 2F
0-2: Foul Ball, location: 2F
0-2: Ball
1-2: Fly out, F4 (Flyball, 4D)
Batting: LHB Jesús De Jesús 0-0: Called Strike
0-1: Grounds into double play, 1-6-3 (Groundball, 13S)
Bottom of the 8th over - 1 run, 2 hits, 0 errors, 0 left on base; Alameda 2 - Provo 4
TOP OF THE 9TH
Alameda Airmen batting - Pitching for Provo Mango : RHP Patrick Kilshaw
Pitching: LHP Alejandro García
Now at C: Egor Nabatov
Batting: RHB Guus de Weerdt 0-0: Called Strike
0-1: Fly out, F8 (Flyball, 8LXD)
Batting: SHB Charles Weber 0-0: Called Strike
0-1: Foul Ball, location: 2F
0-2: Ball
1-2: Foul Ball, location: 2F
1-2: Strikes out swinging
Batting: LHB Tim O'Neal 0-0: Ball
1-0: Foul Ball, location: 2F
1-1: Swinging Strike
1-2: Ball
2-2: SINGLE (Groundball, 34D)
Batting: RHB Mick Spargo 0-0: Called Strike
0-1: Ball
1-1: Ball
2-1: Foul Ball, location: 2F
2-2: Strikes out swinging
Top of the 9th over - 0 runs, 1 hit, 0 errors, 1 left on base; Alameda 2 - Provo 4
Tuesday, December 19th, 2017 - OOTP Baseball 18.8 Build 76